 Dungeon Crawl Stone Soup version 0.30.1-11-g7821555f0a (webtiles) character file.

Game seed: 7262305101423389911

387 Ijustatesigmund the Conjurer (level 6, -2/39 HPs)
             Began as an Octopode Conjurer on Jan 4, 2024.
             Slain by a wyvern (20 damage)
             ... on level 5 of the Dungeon.
             The game lasted 00:07:04 (4898 turns).

Ijustatesigmund the Conjurer (Octopode Conjurer)    Turns: 4898, Time: 00:07:05

Health: -2/39      AC:  1    Str:  7    XL:     6   Next: 78%
Magic:  10/12      EV: 13    Int: 22    God:
Gold:   267        SH:  0    Dex: 10    Spells: 6/13 levels left

rFire   . . .        e - +1 demon blade
rCold   . . .        (no shield)
rNeg    . . .        (helmet restricted)
rPois   .            (no amulet)
rElec   .            m - ring of flight
rCorr   .            (no ring)
SInv    .            (no ring)
Will    .....        (no ring)
Stlth   +++          (no ring)
HPRegen 0.26/turn    (no ring)
MPRegen 0.13/turn    (no ring)
                     (no ring)

%: no passive effects
@: flying
A: almost no armour, amphibious, 8 rings, camouflage 1, gelatinous body 1,
(nimble swimmer 1), tentacles
a: no special abilities


You were on level 5 of the Dungeon.
You visited 1 branch of the dungeon, and saw 5 of its levels.

You collected 267 gold pieces.

Inventory:

Hand Weapons
 e - a +1 demon blade (weapon)
 g - a +4 dagger
Jewellery
 m - a ring of flight (left tentacle)
Scrolls
 b - a scroll of blinking {unknown}
 f - a scroll of magic mapping
 h - a scroll of immolation
 i - 3 scrolls of teleportation
 k - 2 scrolls of silence
 r - a scroll of fear {unknown}
 s - a scroll of identify
Potions
 a - a potion of magic
 c - a potion of attraction
 d - 3 potions of mutation
 j - a potion of curing
 l - 2 potions of lignification {unknown}
 n - a potion of brilliance {unknown}
 o - a potion of might {unknown}
 p - a potion of flight {unknown}
 q - a potion of heal wounds {unknown}


   Skills:
 - Level 1.8 Fighting
 + Level 0.6 Long Blades
 - Level 2.0 Dodging
 - Level 2.6 Stealth
 + Level 4.4 Spellcasting
 - Level 4.5 Conjurations
 + Level 3.6 Translocations


You had 6 spell levels left.
You knew the following spells:

 Your Spells              Type           Power      Damage    Failure   Level
a - Magic Dart            Conj           96%        1d7       1%          1
b - Searing Ray           Conj           48%        2d6       2%          2
c - Iskenderun's Mystic   Conj/Tloc      22%        2d6       21%         4

Your spell library contained the following spells:

 Spells                   Type           Power      Damage    Failure   Level
 Blink                    Tloc           40%        N/A       3%          2
 Lesser Beckoning         Tloc           40%        N/A       3%          2
 Momentum Strike          Conj/Tloc      44%        3d9       3%          2
 Dazzling Flash           Conj/Hex       28%        N/A       13%         3
 Fulminant Prism          Conj/Hex       7%         3d7       38%         4
 Leda's Liquefaction      Hex/Erth       2%         N/A       71%         4
 Lee's Rapid Deconstruct  Erth           2%         3d4*      96%         5
 Statue Form              Tmut/Erth      2%         N/A       100%        6


Dungeon Overview and Level Annotations

Branches:
Dungeon (5/15)
 Temple: D:4-7

Altars:

Shops:
D:2 !


Innate Abilities, Weirdness & Mutations

You cannot wear most types of armour.
You are amphibious.
You can wear up to eight rings at the same time.
Your skin changes colour to match your surroundings (Stealth+).
Your rubbery body absorbs attacks. (AC +1, EV +1)
((You are camouflaged when in or above water. (Stealth+)))
You have tentacles for arms and can constrict up to eight enemies at once.


Message History

No target in view!
No target in view!
No target in view!
A wyvern comes into view.
The wyvern moves out of view.
HP restored.
s - a scroll of identify
d - 3 potions of mutation (gained 1)
A wyvern is nearby!
There is a stone staircase leading up here.
You closely miss the wyvern.
The wyvern hisses angrily.
The wyvern bites you.
You slash the wyvern! You squeeze the wyvern.
The wyvern is heavily wounded.
The wyvern bites you! The wyvern barely misses you.
You are too injured to fight recklessly!
You are too injured to fight recklessly!
You are too injured to fight recklessly!
You are too injured to fight recklessly!
You are too injured to fight recklessly!
You are too injured to fight recklessly!
A wyvern is nearby!
Casting: Magic Dart (safe; 1% risk of failure)
Confirm with . or Enter, or press ? or * to list all spells.
Aiming: Searing Ray (safe; 2% risk of failure)
Press: ? - help, Shift-Dir - straight line, f - wyvern
Aim: a wyvern (heavily wounded, 79% to hit)
The searing ray hits the wyvern.
The wyvern is heavily wounded. (Press . to maintain the ray.)
The wyvern bites you!!
* * * LOW HITPOINT WARNING * * *
The wyvern barely misses you.
Okay, then.
Unknown command.
It was a potion of curing.
You feel better. The wyvern closely misses you.
You feel better. The wyvern bites you. The wyvern bites you!!
Ouch! That really hurt!
You die...

............##.#
...............#.#+##.##
.......................#
....#.......#.†.......#
.....................#
#.........#.........#
.....#....<....##### .
#####..l..........#####
........#.@................ #
....###.#.##.##+#......#### .#.
....#...<..............#### ....
#.........##...#........# ....#
#...>....##.............#
......##........##.............#
...............................#
...............................#
.....#......#.#................#


You could see a wyvern.

Vanquished Creatures
  A jelly (D:4)
  2 orc priests
  2 hounds
  An iguana (D:4)
  2 orc wizards (D:4)
  6 adders
  3 worms
  2 dart slugs
  16 orcs
  2 ball pythons
  6 endoplasms
  2 giant cockroaches
  6 goblins
  6 hobgoblins
  2 jackals (D:4)
  6 quokkas
  11 bats
  3 frilled lizards (D:1)
  3 kobolds
  5 rats
87 creatures vanquished.

Notes
Turn   | Place    | Note
-------+----------+-------------------------------------------
     0 | D:1      | Ijustatesigmund the Octopode Conjurer began the quest for
                  | the Orb.
     0 | D:1      | Reached XP level 1. HP: 11/11 MP: 3/3
   318 | D:1      | Reached XP level 2. HP: 18/18 MP: 3/5
   658 | D:1      | Reached skill level 1 in Fighting
  1210 | D:2      | Reached XP level 3. HP: 21/23 MP: 0/6
  1213 | D:2      | Learned a level 2 spell: Searing Ray
  1531 | D:2      | Found Korajupn's Distillery.
  1573 | D:2      | Found a faded altar of an unknown god.
  1910 | D:2      | Reached XP level 4. HP: 27/29 MP: 2/8
  1934 | D:2      | Learned a level 4 spell: Iskenderun's Mystic Blast
  2621 | D:3      | Reached skill level 1 in Translocations
  2986 | D:3      | Reached XP level 5. HP: 34/34 MP: 2/10
  3897 | D:4      | Reached XP level 6. HP: 39/39 MP: 11/11
  4749 | D:5      | Entered Level 5 of the Dungeon
  4835 | D:5      | Noticed a wyvern
  4896 | D:5      | HP: 1/39 [wyvern (18)]
  4898 | D:5      | Slain by a wyvern

Illustrated notes

Levels and vault maps discovered:
D:1:      psy_arrival_whirlpool, layout_loops_cross
D:2:      layout_loops_ring, hellmonk_ecumenical_altar_arch_garden,
          serial_shops, shop
D:3:      layout_loops_ring
D:4:      layout_loops_cross
D:5:      layout_basic, uniq_crazy_yiuf_cottage

Skill      XL: |  1  2  3  4  5  6 |
---------------+-------------------+-----
Fighting       | 1 |  1.8
Spellcasting   | 3 4 |  4.4
Translocations | 1 2 3 |  3.6
Long Blades    | |  0.6
Dodging        | |  2.0
Stealth        | |  2.6
Conjurations   | |  4.5

Action                     |  1- 3 |  4- 6 || total
---------------------------+-------+-------++-------
  Melee: Unarmed           |     3 |       ||     3
         Constrict         |     2 |     8 ||    10
         Dagger            |     2 |    20 ||    22
         Tentacles         |       |     9 ||     9
         Demon blade       |       |    15 ||    15
   Cast: Magic Dart        |    74 |    82 ||   156
         Searing Ray       |       |     5 ||     5
    Use: Scroll            |       |     9 ||     9
         Potion            |       |     2 ||     2
   Stab: Sleeping          |       |     5 ||     5
 Armour: Skin              |     3 |       ||     3
  Dodge: Dodged            |     4 |    26 ||    30
